 Dungeon Crawl Stone Soup version 0.20-a0-787-g4ba4951 (webtiles) character file.

109 HallandMoats the Skirmisher (level 4, -1/37 HPs)
             Began as a Demonspawn Fighter on Feb 27, 2017.
             Slain by an orc (3 damage)
             ... on level 3 of the Dungeon.
             The game lasted 00:02:20 (1840 turns).

HallandMoats the Skirmisher (Demonspawn Fighter)    Turns: 1840, Time: 00:02:21

Health: -1/37      AC:  6    Str: 17    XL:     4   Next: 59%
Magic:  13/13      EV:  8    Int:  9    God:
Gold:   67         SH:  8    Dex: 13    Spells: 3/3 levels left

rFire    . . .     SeeInvis .   a - +0 flail
rCold    . . .     Gourm    .   b - +0 scale mail
rNeg     . . .     Faith    .   c - +0 shield
rPois    .         Spirit   .   (helmet restricted)
rElec    .         Reflect  .   (no cloak)
rCorr    .         Harm     .   (no gloves)
MR       .....                  (no boots)
Stlth    ..........             (no amulet)
Regen    0.2/turn               (no ring)
MPRegen  0.2/turn               k - ring of magical power

@: no status effects
A: antennae 2, sturdy frame 1
a: no special abilities


You were on level 3 of the Dungeon.
You were not hungry.

You visited 1 branch of the dungeon, and saw 3 of its levels.

You collected 67 gold pieces.

Inventory:

Hand Weapons
 a - a +0 flail (weapon)
Armour
 b - a +0 scale mail (worn)
 c - a +0 shield (worn)
Jewellery
 k - a ring of magical power (left hand)
Scrolls
 e - a scroll of enchant armour {unknown}
 i - 2 scrolls of identify {unknown}
 j - a scroll of teleportation {unknown}
Potions
 d - a potion of might
 h - a potion of brilliance {unknown}
 l - 2 potions of flight {unknown}
 m - a potion of degeneration {unknown}
Comestibles
 f - a bread ration
 g - 3 chunks of flesh


   Skills:
 * Level 4.0 Fighting
 * Level 2.8 Maces & Flails
 + Level 3.1 Armour
 + Level 1.3 Dodging
 - Level 2.6 Shields


You had 3 spell levels left.
You didn't know any spells.

Dungeon Overview and Level Annotations

Branches:
Dungeon (3/15)

Altars:
Yredelemnul


Innate Abilities, Weirdness & Mutations

You have a pair of antennae on your head.
Your movements are slightly less encumbered by armour. (ER -2)


Message History

The orc moves out of view.
The orc priest hits you with a hand axe.
You sock the orc priest!
The orc priest is heavily wounded.
The orc priest hits you but does no damage.
You hit the orc priest.
The orc priest is severely wounded.
The orc priest calls down the wrath of Beogh upon you.
Beogh smites you!
* * * LOW HITPOINT WARNING * * *
You hear an angry hiss.
You hit the orc priest.
You kill the orc priest!
Your Fighting skill increases to level 4!
The goblin closely misses you.
You barely miss the goblin. You block the goblin's attack.
You sock the goblin!
You kill the goblin!
The orc hits you.
You die...

... #.#
..# #
#.#.#
##.#o
.o. #o#
#@#
#(######
#.(....#
######.#
#.# #.#
#.# #.#
#.# #.#
# #.#
#.# #


You could see an orc priest and 2 orcs.

Vanquished Creatures
  An orc priest (D:3)
  An adder (D:2)
  An ooze (D:1)
  2 worms
  2 leopard geckos
  An orc (D:3)
  3 giant cockroaches
  7 hobgoblins
  4 jackals (D:2)
  A quokka (D:2)
  3 ball pythons
  8 bats
  6 frilled lizards (D:2)
  5 goblins
  4 kobolds
  7 rats
56 creatures vanquished.

Notes
Turn   | Place    | Note
-------+----------+-------------------------------------------
     0 | D:1      | HallandMoats the Demonspawn Fighter began the quest for the Orb.
     0 | D:1      | Reached XP level 1. HP: 18/18 MP: 1/1
   227 | D:1      | Gained mutation: Your movements are slightly less encumbered by armour. (ER -2) [demonic ancestry]
   227 | D:1      | Reached XP level 2. HP: 24/24 MP: 2/2
   532 | D:1      | Found a basalt altar of Yredelemnul.
   750 | D:2      | Gained mutation: You have a pair of small antennae on your head. [demonic ancestry]
   750 | D:2      | Reached XP level 3. HP: 27/29 MP: 3/3
  1169 | D:2      | Reached skill level 1 in Dodging
  1377 | D:2      | Gained mutation: You have a pair of antennae on your head. [demonic ancestry]
  1377 | D:2      | Reached XP level 4. HP: 37/37 MP: 4/4
  1837 | D:3      | HP: 1/37 [orc priest/divine providence (11)]
  1838 | D:3      | Reached skill level 4 in Fighting
  1840 | D:3      | Slain by an orc

Vault maps used:
D:1:      elethiomel_arrival_quiet, kennysheep_flooded_box
D:3:      chequers_temple_overflow_statue_of_worship, uniq_natasha

Skill      XL: |  1  2  3  4 |
---------------+-------------+-----
Maces & Flails | 2 |  2.8
Dodging        | 1 |  1.3
Armour         | 3 |  3.1
Fighting       | 4 |  4.0
Shields        | |  2.6

Action                   |  1- 3 |  4- 6 || total
-------------------------+-------+-------++-------
Melee: Flail             |   172 |    25 ||   197
  Eat: Chunk             |     2 |     1 ||     3
Armor: Scale mail        |   107 |     4 ||   111
Dodge: Dodged            |    84 |     5 ||    89
Block: Shield            |   133 |     6 ||   139
